 Dungeon Crawl Stone Soup version 0.29.0-13-gc9e81de378 (webtiles) character file.

Game seed: 835618016725049087

71 Artool the Cudgeller (level 4, -1/34 HPs)
             Began as a Demonspawn Gladiator on Sept 7, 2022.
             Slain by Terence
             ... wielding a +0 trident
              (5 damage)
             ... on level 2 of the Dungeon.
             The game lasted 00:05:48 (2209 turns).

Artool the Cudgeller (Demonspawn Gladiator)         Turns: 2209, Time: 00:05:48

Health: -1/34      AC:  4    Str: 16    XL:     4   Next: 5%
Magic:  4/4        EV: 12    Int: 10    God:
Gold:   61         SH:  0    Dex: 14    Spells: 3/3 levels left

rFire   . . .      SeeInvis .   i - +0 whip
rCold   . . .      Faith    .   (no shield)
rNeg    . . .      Spirit   .   b - +0 leather armour
rPois   .          Reflect  .   c - +0 helmet
rElec   .          Harm     .   (no cloak)
rCorr   .          Rampage  .   (no gloves)
Will    .....                   (no boots)
Stlth   +.........              (no amulet)
HPRegen 0.11/turn               f - +4 ring of slaying
MPRegen 0.09/turn               (no ring)

@: no status effects
A: demonic guardian 1, powered by pain 1
a: no special abilities


You were on level 2 of the Dungeon.
You visited 1 branch of the dungeon, and saw 2 of its levels.

You collected 61 gold pieces.

Inventory:

Hand Weapons
 a - a +0 flail
 i - a +0 whip (weapon)
 u - a +2 spectral quarterstaff
Missiles
 d - 3 throwing nets (quivered)
 e - a javelin
Armour
 b - a +0 leather armour (worn)
 c - a +0 helmet (worn)
 v - a scarf of harm
Jewellery
 f - a +4 ring of slaying (left hand)
 l - a ring of resist corrosion
Scrolls
 g - a scroll of acquirement {unknown}
 k - a scroll of noise {unknown}
 m - a scroll of torment {unknown}
 n - a scroll of poison {unknown}
 o - a scroll of amnesia {unknown}
 p - 3 scrolls of identify {unknown}
 s - a scroll of teleportation {unknown}
 w - a scroll of fear {unknown}
Potions
 h - a potion of brilliance {unknown}
 j - a potion of might {unknown}
 q - a potion of haste {unknown}
 r - a potion of curing {unknown}
 t - a potion of heal wounds {unknown}


   Skills:
 + Level 2.7 Fighting
 + Level 3.2 Maces & Flails
 - Level 2.0 Throwing
 + Level 1.3 Armour
 + Level 3.1 Dodging


You had 3 spell levels left.
You didn't know any spells.
Your spell library contained the following spells:

 Spells                   Type           Power      Damage    Failure   Level
 Shock                    Conj/Air       0%         1d3       43%         1
 Swiftness                Air            0%         N/A       80%         3
 Airstrike                Air            0%         2d(0-16)  99%         4


Dungeon Overview and Level Annotations

Branches:
Dungeon (2/15)

Altars:

Shops:
D:1 [

Annotations:
D:2 Terence


Innate Abilities, Weirdness & Mutations

A weak demonic guardian rushes to your aid.
You sometimes gain a little power by taking damage.


Message History

You hit Terence but do no damage.
Terence is moderately wounded.
Terence barely misses you.
You hit Terence but do no damage. You punch Terence.
Terence is moderately wounded.
Terence hits you with a +0 trident.
You hit Terence.
Terence is heavily wounded.
Terence hits you with a +0 trident!
You hit Terence.
Terence is heavily wounded.
Terence closely misses you.
You hit Terence.
Terence is severely wounded.
Terence barely misses you.
You hit Terence but do no damage.
Terence is severely wounded.
Terence closely misses you.
You barely miss Terence.
Terence is heavily wounded.
Terence closely misses you.
You barely miss Terence.
Terence is heavily wounded.
Terence hits you with a +0 trident.
* * * LOW HITPOINT WARNING * * *
You whack Terence!
Terence is almost dead.
Terence hits you with a +0 trident.
* * * LOW HITPOINT WARNING * * *
A demonic guardian appears!
You barely miss Terence.
Terence is almost dead.
Terence hits you with a +0 trident.
* * * LOW HITPOINT WARNING * * *
You barely miss Terence.
Terence is almost dead.
You closely miss Terence.
Terence is almost dead.
Terence hits you with a +0 trident.
You die...

.###+###+#.#.###@#.#
#...## # #.#.#...#.#
#...## ###.#.#.#.....#
#...##
+.....#.#.#######.....
#...#...............
#####........####.####
##...............#.#
#.....@######.##.#.#
#....5@#### #.##.#.#
#!........###......####
##.............#.#.....
###......####.#.#.####
#......##.#.#.......
#########.....#.#.#.
#............#...
#............# ##
#...............


You could see Terence (ally target) and a friendly shadow imp (summoned).

Vanquished Creatures
  A dart slug (D:2)
  5 bats
  6 endoplasms
  A giant cockroach (D:1)
  14 goblins
  9 hobgoblins
  A quokka (D:1)
  2 ball pythons (D:1)
  A frilled lizard (D:2)
  4 kobolds
44 creatures vanquished.

Vanquished Creatures (collateral kills)
  Robin (D:1)
  2 goblins
  A hobgoblin (D:1)
4 creatures vanquished.

Vanquished Creatures (others)
  4 fungi (D:2)
  A plant (D:2)
5 creatures vanquished.

Grand Total: 53 creatures vanquished

Notes
Turn   | Place    | Note
-------+----------+-------------------------------------------
     0 | D:1      | Artool the Demonspawn Gladiator began the quest for the
                  | Orb.
     0 | D:1      | Reached XP level 1. HP: 16/16 MP: 1/1
    36 | D:1      | Gained mutation: You sometimes gain a little power by
                  | taking damage. [demonic ancestry]
    36 | D:1      | Reached XP level 2. HP: 9/22 MP: 2/2
   315 | D:1      | Found Hyag's Armour Boutique.
   757 | D:1      | Gained mutation: A weak demonic guardian rushes to your
                  | aid. [demonic ancestry]
   757 | D:1      | Reached XP level 3. HP: 26/28 MP: 3/3
   759 | D:1      | Reached skill level 1 in Armour
  1156 | D:2      | Noticed Robin
  1537 | D:1      | Killed Robin
  1916 | D:2      | Noticed Terence
  2119 | D:2      | Reached XP level 4. HP: 34/34 MP: 4/4
  2209 | D:2      | Slain by Terence

Illustrated notes

Levels and vault maps discovered:
D:1:      scummos_arrival_hexagon, layout_basic, serial_shops,
          nicolae_shop_advertising_works [nicolae_subvault_shop_adworks]
D:2:      layout_basic, shapermc_ecumenical_altar_petra, uniq_terence,
          uniq_robin

Skill      XL: |  1  2  3 |
---------------+----------+-----
Throwing       | 2 |  2.0
Maces & Flails | 3 |  3.2
Dodging        | 3 |  3.1
Armour         | 1 |  1.3
Fighting       | |  2.7

Action                   |  1- 3 |  4- 6 || total
-------------------------+-------+-------++-------
Melee: Flail             |    12 |       ||    12
       Whip              |   121 |    22 ||   143
       Punch             |       |     1 ||     1
Armor: Leather armour    |    35 |     1 ||    36
Dodge: Dodged            |    90 |    10 ||   100
